 Dungeon Crawl Stone Soup version 0.30-a0-965-g42e074c17a (webtiles) character file.

Game seed: 11938425518057185224

128 lesbiats the Trooper (level 5, -4/57 HPs)
             Began as an Ogre Fighter on Mar 30, 2023.
             Slain by a kobold brigand
             ... wielding a +0 dagger
              (8 damage)
             ... in a sewer.
             The game lasted 00:07:45 (2443 turns).

lesbiats the Trooper (Ogre Fighter)                 Turns: 2443, Time: 00:07:46

Health: -4/57      AC:  3    Str: 22    XL:     5   Next: 12%
Magic:  5/5        EV:  8    Int:  9    God:
Gold:   140        SH:  8    Dex:  8    Spells: 4/4 levels left

rFire   . . .      SeeInvis .    a - +0 flail
rCold   . . .      Faith    .    c - +1 kite shield
rNeg    . . .      Spirit   .    b - +0 robe
rPois   .          Reflect  .    (helmet restricted)
rElec   .          Rampage  .    (no cloak)
rCorr   .                        (gloves unavailable)
Will    .....                    (boots unavailable)
Stlth   +                        (no amulet)
HPRegen 0.29/turn                (no ring)
MPRegen 0.09/turn                (no ring)

@: no status effects
A: large, unfitting armour, tough skin 1
a: no special abilities


You were in a sewer.
You visited 1 branch of the dungeon, and saw 3 of its levels.
You also visited: Sewer.

You collected 140 gold pieces.

Inventory:

Hand Weapons
 a - a +0 flail (weapon)
Missiles
 i - a throwing net
 k - 11 poisoned darts (quivered)
Armour
 b - a +0 robe (worn)
 c - a +1 kite shield (worn)
Wands
 n - a wand of paralysis (7)
Scrolls
 d - 2 scrolls of identify {unknown}
 e - a scroll of brand weapon {unknown}
 f - a scroll of amnesia {unknown}
 g - 2 scrolls of enchant armour
 m - a scroll of enchant weapon {unknown}
 o - a scroll of teleportation {unknown}
 p - a scroll of acquirement {unknown}
 r - a scroll of torment {unknown}
Potions
 h - a potion of ambrosia {unknown}
 j - a potion of mutation {unknown}
 l - a potion of magic
 q - a potion of attraction {unknown}
 s - a potion of invisibility {unknown}


   Skills:
 + Level 5.1 Fighting
 * Level 3.4 Maces & Flails
 + Level 3.4 Dodging
 - Level 3.0 Shields


You had 4 spell levels left.
You didn't know any spells.
Your spell library contained the following spells:

 Spells                   Type           Power      Damage    Failure   Level
 Slow                     Hex            0%         N/A       67%         1
 Cigotuvi's Dreadful Rot  Necr/Pois/Air  0%         N/A       82%         2
 Lesser Beckoning         Tloc           0%         N/A       82%         2
 Poisonous Vapours        Pois/Air       0%         N/A       82%         2
 Confusing Touch          Hex            0%         N/A       96%         3
 Gell's Gravitas          Tloc           0%         N/A       96%         3
 Mephitic Cloud           Conj/Pois/Air  0%         N/A       96%         3
 Teleport Other           Tloc           0%         N/A       96%         3
 Vampiric Draining        Necr           0%         2d6       96%         3


Dungeon Overview and Level Annotations

Branches:
Dungeon (3/15)              Sewer (1/1)

Altars:

Shops:
D:2 (

Annotations:
D:3 Natasha


Innate Abilities, Weirdness & Mutations

You are too large for most types of armour.
You have tough skin. (AC +1)


Message History

The kobold struggles against the net.
The net rips apart, and the kobold comes free!
You sock the kobold brigand!
The kobold brigand is moderately wounded.
You feel sick.
You hit the kobold brigand but do no damage.
The kobold brigand is moderately wounded.
You feel sick.
The kobold brigand hits you with a +0 dagger. x2
You barely miss the kobold brigand.
The kobold brigand is moderately wounded.
You feel sick.
The kobold brigand hits you with a +0 dagger.
The kobold hits you with a +0 club. The kobold brigand barely misses you.
You barely miss the kobold brigand.
The kobold brigand is moderately wounded.
You feel sick. The kobold brigand closely misses you.
The kobold brigand hits you with a +0 short sword.
The kobold hits you with a +0 club.
The kobold brigand hits you with a +0 dagger.
You sock the kobold brigand!
The kobold brigand is severely wounded.
You feel sick.
You are no longer poisoned.
The kobold brigand hits you with a +0 short sword.
The kobold hits you with a +0 club.
The kobold brigand hits you with a +0 dagger.
It was a potion of magic.
Magic courses through your body.
The kobold brigand hits you with a +0 short sword.
The kobold hits you with a +0 club.
* * * LOW HITPOINT WARNING * * *
The kobold brigand hits you with a +0 dagger.
* * * LOW HITPOINT WARNING * * *
You miss the kobold brigand.
The kobold brigand is severely wounded.
The kobold brigand hits you with a +0 short sword!
* * * LOW HITPOINT WARNING * * *
You block the kobold's attack.
The kobold brigand hits you with a +0 dagger!
You die...

#.......≈≈≈≈~
##.....~~≈≈≈≈
##...~~≈≈≈≈≈
#....≈≈≈≈≈≈
##...~~≈≈≈≈≈
#.....~≈≈≈≈≈
#.....~≈≈≈≈≈
##....~≈≈≈≈≈
#.K@K≈≈≈≈≈≈
###K####≈#≈


.KK ≈ ..... ##...## ..... !.#.) ### ### You could see 2 kobold brigands and 3
kobolds.

Vanquished Creatures
  Natasha (D:3)
  4 adders
  2 worms (D:2)
  A dart slug (D:1)
  An orc (D:3)
  6 endoplasms
  4 giant cockroaches
  3 goblins
  6 hobgoblins
  A quokka (D:3)
  2 bats
  2 frilled lizards (D:1)
  11 kobolds
  15 rats
59 creatures vanquished.

Notes
Turn   | Place    | Note
-------+----------+-------------------------------------------
     0 | D:1      | lesbiats the Ogre Fighter began the quest for the Orb.
     0 | D:1      | Reached XP level 1. HP: 24/24 MP: 1/1
   192 | D:1      | Reached XP level 2. HP: 31/32 MP: 2/2
   956 | D:2      | Found Tecoqykh's Antique Weapon Emporium.
  1143 | D:2      | Reached XP level 3. HP: 38/40 MP: 3/3
  1496 | D:2      | Reached XP level 4. HP: 49/49 MP: 4/4
  1504 | D:2      | Found a faded altar of an unknown god.
  1883 | D:3      | Noticed Natasha
  1894 | D:3      | Killed Natasha
  2001 | D:3      | Reached skill level 5 in Fighting
  2125 | D:3      | Found a glowing drain.
  2126 | D:3      | Noticed Natasha
  2142 | D:3      | Reached XP level 5. HP: 36/57 MP: 5/5
  2149 | Sewer    | Entered a sewer
  2430 | Sewer    | Noticed a kobold brigand
  2430 | Sewer    | Noticed a kobold brigand
  2443 | Sewer    | Slain by a kobold brigand

Illustrated notes

Levels and vault maps discovered:
D:1:      minmay_arrival_solitary_statue, layout_loops_corners,
          kennysheep_nondescript
D:2:      minmay_diamond_boxcup, layout_loops_ring, serial_shops,
          nicolae_shop_waterfront, hellmonk_ecumenical_altar_lost_god
D:3:      layout_loops_cross, portal_sewer_entry_a, lexackson_kobold_supper,
          uniq_natasha
Sewer:    sewer_minmay_treatment

Skill      XL: |  1  2  3  4 |
---------------+-------------+-----
Maces & Flails | 2 3 |  3.4
Dodging        | 3 |  3.4
Fighting       | 5 |  5.1
Shields        | |  3.0

Action                     |  1- 3 |  4- 6 || total
---------------------------+-------+-------++-------
  Melee: Flail             |    93 |   103 ||   196
  Throw: Throwing net      |       |     1 ||     1
  Evoke: Wand              |       |     1 ||     1
    Use: Potion            |       |     2 ||     2
         Scroll            |       |     1 ||     1
 Armour: Robe              |    29 |    25 ||    54
  Dodge: Dodged            |    25 |    43 ||    68
  Block: Kite shield       |    18 |    50 ||    68

Table legend: (Time is in decaauts)
 A = Elapsed time spent in this place.
 B = Non-inter-level travel time spent in this place.
 C = Inter-level travel time spent in this place.
 D = Time resting spent in this place.
 E = Time spent auto-exploring this place.
 F = Levels seen in this place.
 G = Mean time per level.
                   A        B        C        D        E       F      G
               +--------+--------+--------+--------+--------+-----+--------+
         Total |   2518 |   2377 |    141 |    384 |   1427 |   4 |  629.5 |
       Dungeon |   2207 |   2066 |    141 |    247 |   1371 |   3 |  735.7 |
         Sewer |    310 |    310 |      0 |    137 |     56 |   1 |  310.0 |
               +--------+--------+--------+--------+--------+-----+--------+

Top non-repeatable levels by time:
     D:2: 1019 daAuts
     D:1: 907 daAuts
   Sewer: 310 daAuts
     D:3: 279 daAuts
